[Event "*** Titled Tuesday 3|2 Blitz"]
[Site "Chess.com"]
[Date "2016.03.01"]
[Round "6"]
[White "chessbia"]
[Black "Grootneus"]
[Result "0-1"]
[WhiteElo "1995"]
[BlackElo "2030"]
[TimeControl "180+2"]
[EndTime "12:38:20 PST"]
[Termination "Grootneus won by resignation"]

1. d4 Nf6 2. c4 c5 3. d5 b5 4.
cxb5 a6 5. bxa6 g6 6. Nc3 Bxa6 7. e4 Bxf1 8. Kxf1 d6 9. Nf3 Bg7 10. g3 O-O 11. Kg2 Nbd7 12. a4 Qb6 13. Qb3 Qxb3 0-1

[Event "*** Titled Tuesday 3|2 Blitz"]
[Site "Chess.com"]
[Date "2016.03.01"]
[Round "6"]
[White "Alexander_Donchenko"]
[Black "Spas_Kozhuharov"]
[Result "1-0"]
[WhiteElo "2600"]
[BlackElo "2445"]
[TimeControl "180+2"]
[EndTime "12:40:23 PST"]
[Termination "Alexander_Donchenko won by resignation"]

1. d4 d5 2. c4 dxc4 3. e4 Nc6 4. Nf3 Bg4 5. Bxc4 e6 6. d5 exd5 7. exd5 Bb4+ 8. Nc3 Qe7+ 9. Be3 Ne5 10. Be2 O-O-O 11.
Nxe5 Bxe2 12. Qxe2 Qxe5 13. Qg4+ 1-0

[Event "*** Titled Tuesday 3|2 Blitz"]
[Site "Chess.com"]
[Date "2016.03.01"]
[Round "6"]
[White "oskariot"]
[Black "MateusViageiro"]
[Result "0-1"]
[WhiteElo "2307"]
[BlackElo "2236"]
[TimeControl "180+2"]
[EndTime "12:41:42 PST"]
[Termination "MateusViageiro won by resignation"]

1. e4 c5 2. Nf3 d6 3. d4 cxd4 4. Nxd4 Nf6 5. Nc3 a6 6. f4 Qc7 7. a4 e6 8. Bd3 Nc6 9. Nf3 Be7 10. O-O O-O 11. Kh1 Nb4 12. Bd2 Nxd3 13. cxd3 b6 14.
Rc1 Qd8 15. h3 Bb7 16. g4 Rc8 17. g5 Nd7 18. f5 Nc5 19. Qe2 exf5 20. exf5 Bxg5 21.
Bxg5 Qxg5 22. Kh2 Qxf5 23. Qe3 Qxd3 0-1

[Event "*** Titled Tuesday 3|2 Blitz"]
[Site "Chess.com"]
[Date "2016.03.01"]
[Round "6"]
[White "petrpalachev"]
[Black "Cecile_Haussernot"]
[Result "1-0"]
[WhiteElo "2272"]
[BlackElo "2156"]
[TimeControl "180+2"]
[EndTime "12:42:02 PST"]
[Termination "petrpalachev won by resignation"]

1. d4 Nf6 2. c4 e6 3. Nc3 Bb4 4. e3 O-O 5. Bd3 d5 6. Nf3 dxc4 7.
Bxc4 c5 8. O-O Bd7 9. Ne5 Qc7 10. Qe2 a6 11. Nxd7 Nbxd7 12. a3 Ba5 13. Bd2 b5 14.
Bd3 e5 15. dxc5 Bxc3 16. Bxc3 Nxc5 17. Bc2 Rac8 18. Rac1 e4 19. Bxf6 gxf6 20. Bxe4 Qe5 21. Qg4+ Kh8 22. Bf5 Rg8 23. Qh3 Rxg2+ 24. Kxg2 Rg8+ 25.
Kh1 1-0

[Event "*** Titled Tuesday 3|2 Blitz"]
[Site "Chess.com"]
[Date "2016.03.01"]
[Round "6"]
[White "JustaTrickstar"]
[Black "ftorodent"]
[Result "1-0"]
[WhiteElo "2459"]
[BlackElo "2309"]
[TimeControl "180+2"]
[EndTime "12:42:10 PST"]
[Termination "JustaTrickstar won by resignation"]

1. d4 f5 2. e4 fxe4 3. Nc3 Nf6 4. Bg5 g6 5. h4 d5 6. h5 Bg4 7. Be2 Bxe2 8. Ngxe2 Nxh5 9. Rxh5 gxh5 10. Nf4 Qd6 11.
Qxh5+ Kd8 12. Nfxd5 c6 13. Bf4 Qg6 14. Qe5 Bg7 15.
Qxe7+ 1-0

[Event "*** Titled Tuesday 3|2 Blitz"]
[Site "Chess.com"]
[Date "2016.03.01"]
[Round "6"]
[White "kleinebeer98"]
[Black "jcgs1030"]
[Result "1-0"]
[WhiteElo "2499"]
[BlackElo "2228"]
[TimeControl "180+2"]
[EndTime "12:42:43 PST"]
[Termination "kleinebeer98 won by resignation"]

1. e4 c5 2. Nf3 d6 3. d4 cxd4 4. Nxd4 Nf6 5. Nc3 g6 6. Be2 Bg7 7. O-O O-O 8. Be3 Nc6 9. f4 Ng4 10. Bxg4 Bxg4 11. Nxc6 Bxd1 12. Nxd8 Bxc2 13. Nxb7 Rab8 14.
Rf2 Bd3 15. Na5 Rxb2 16. Rxb2 Bxc3 17. Rb3 Bxa1 18. Rxd3 Rc8 19. Nb3 Bf6 20. Bd4 Kg7 21. e5 dxe5 22. fxe5 Bg5 23. e6+ f6 24. Bxa7 Ra8 25.
Rd7 Rxa7 26. Kf1 Be3 27. Ke2 Bg5 28. Rxa7 Be3 29. Kxe3 1-0

[Event "*** Titled Tuesday 3|2 Blitz"]
[Site "Chess.com"]
[Date "2016.03.01"]
[Round "6"]
[White "jcibarra"]
[Black "DagurR"]
[Result "1-0"]
[WhiteElo "2484"]
[BlackElo "2279"]
[TimeControl "180+2"]
[EndTime "12:42:48 PST"]
[Termination "jcibarra won by resignation"]

1. e4 e6 2. d4 d5 3. Nc3 Nf6 4. Bg5 Bb4 5. e5 h6 6. Be3 Ne4 7. Qg4 g6 8. a3 h5 9. Qf4 g5 10. Qf3 Bxc3+ 11. bxc3 c5 12. Bd3 cxd4 13. cxd4 Qa5+ 14.
Kf1 Nd2+ 15. Bxd2 Qxd2 16. Qe3 Qxe3 17. fxe3 Nd7 18. Nf3 g4 19. Ng1 f6 20. exf6 Nxf6 21. Ne2 Bd7 22. Nf4 Rc8 23. h3 g3 24. Ke2 Rh6 25. Rhf1 Ke7 26. Ng6+ Kd6 27. Rxf6 Be8 28. Raf1 Rh7 29. Rxe6+ Kxe6 30. Nf8+ Ke7 31. Nxh7 Ba4 32. Kd2 Bd7 33. Ng5 Rg8 34. h4 a6 35. Rf7+ Kd6 36. Rf3 Bg4 37. Rxg3 Rf8 38. Nf3 b5 39. Ne5 Rf2+ 40.
Ke1 1-0

[Event "*** Titled Tuesday 3|2 Blitz"]
[Site "Chess.com"]
[Date "2016.03.01"]
[Round "6"]
[White "ChessTrener"]
[Black "Dlugy"]
[Result "1-0"]
[WhiteElo "2593"]
[BlackElo "2595"]
[TimeControl "180+2"]
[EndTime "12:42:54 PST"]
[Termination "ChessTrener won by resignation"]

1. d4 Nf6 2. Nf3 g6 3. Nc3 Bg7 4. e4 d6 5. Bg5 a6 6. Bd3 O-O 7. Qe2 b5 8. e5 dxe5 9. dxe5 Nd5 10. Nxd5 Qxd5 11. Be4 Qc5 12. Bxa8 c6 13. Be3 Qb4+ 14. c3 Qa5 15. O-O Qc7 16. a4 Nd7 17. axb5 cxb5 18. Be4 Nxe5 19. Nxe5 Bxe5 20. g3 f5 21. Bg2 Bf6 22.
Rfd1 e5 23. c4 f4 24. Bd2 bxc4 25. Bc3 h5 26. Bd5+ Kg7 27. Qxc4 Qa7 28. gxf4 Bg4 29. Rd2 Kh6 30. Rxa6 Qe7 31. Rxf6 Qxf6 32. Bxe5 Qe7 33.
Qc7 Qxc7 34. Bxc7 Rc8 35. Rc2 Bf5 36. Rc3 h4 37. f3 h3 38. Kf2 Re8 39. b4 Bd7 40.
Be5 g5 41. Rc7 Bf5 42. Rc6+ Kh7 43. Kg3 gxf4+ 44. Kxf4 Bd7 45. Rc7 Rf8+ 46. Ke3 Rd8 47. Bc6 Kg6 48. Rxd7 Re8 49. Rd6+ Kf5 50. Bxe8 1-0

[Event "*** Titled Tuesday 3|2 Blitz"]
[Site "Chess.com"]
[Date "2016.03.01"]
[Round "6"]
[White "Mischuk_D"]
[Black "Lupul_Cenusiu"]
[Result "1-0"]
[WhiteElo "2538"]
[BlackElo "2471"]
[TimeControl "180+2"]
[EndTime "12:43:14 PST"]
[Termination "Mischuk_D won by resignation"]

1. e4 c5 2. Nf3 e6 3. b3 Nf6 4. e5 Nd5 5. Bb2 Nc6 6. c4 Nc7 7. Be2 Be7 8. O-O O-O 9. d4 cxd4 10. Nxd4 Nxe5 11. Nxe6 dxe6 12. Bxe5 Bd7 13. Bf3 Qc8 14. Nc3 Bc6 15. Bxc6 bxc6 16. Qg4 f6 17. Bxc7 Qxc7 18. Qxe6+ Kh8 19. Rad1 Rad8 20. g3 Bb4 21. Rxd8 Qxd8 22. Nd1 c5 23. Ne3 Re8 24. Qg4 Bc3 25. Nd5 Bd4 26. h4 Re5 27. Kg2 Qe8 28. Qf3 h5 29.
Nf4 Kh7 30. Qd3+ g6 31. Rd1 Qc6+ 32. Qf3 Qxf3+ 33. Kxf3 Rf5 34. Kg2 a5 35. Re1 Kh6 36. Re6 g5 37. hxg5+ Rxg5 38. Kf3 h4 39. gxh4 Rg8 40.
Ra6 Rg1 41. Rxa5 Ra1 42. Ne6 Kh5 43. Nxd4 1-0

[Event "*** Titled Tuesday 3|2 Blitz"]
[Site "Chess.com"]
[Date "2016.03.01"]
[Round "6"]
[White "Journey_to_GrandMaster_YT"]
[Black "Jahonas"]
[Result "0-1"]
[WhiteElo "2249"]
[BlackElo "2190"]
[TimeControl "180+2"]
[EndTime "12:43:16 PST"]
[Termination "Jahonas won by checkmate"]

1. d4 Nf6 2. c4 g6 3. Nc3 Bg7 4. e4 O-O 5. Nf3 d6 6. Be2 Nc6 7. O-O e5 8. d5 Nd4 9. Ne1 c5 10. dxc6 bxc6 11. Be3 c5 12. Nd3 Bb7 13. f3 Nh5 14.
Nd5 Bxd5 15. cxd5 Rb8 16. b4 cxb4 17. Bxd4 exd4 18. Qa4 Qb6 19. Rfb1 a5 20. a3 Nf4 21. Kf1 Nxd3 22. Bxd3 Rfc8 23. axb4 axb4 24. Rb3 Rc3 25. Rab1 Qc5 26. Ke2 Rxb3 27. Rxb3 Qc1 28. Qa7 Qe3+ 29. Kf1 Rc8 30. g3 Qxf3+ 31. Ke1 Rc1+ 32. Kd2 Qe3# 0-1

[Event "*** Titled Tuesday 3|2 Blitz"]
[Site "Chess.com"]
[Date "2016.03.01"]
[Round "6"]
[White "Izoria123"]
[Black "Boryboy"]
[Result "1-0"]
[WhiteElo "2561"]
[BlackElo "2477"]
[TimeControl "180+2"]
[EndTime "12:43:52 PST"]
[Termination "Izoria123 won by resignation"]

1. e4 e6 2. d3 c5 3. Nf3 Nc6 4. c3 g6 5. d4 cxd4 6. cxd4 Bg7 7. d5 Ne5 8. Nxe5 Bxe5 9. Na3 exd5 10. Qxd5 d6 11.
Bb5+ Kf8 12. Nc4 Be6 13. Qd3 Bxc4 14. Bxc4 Rc8 15. O-O Qc7 16. Bb3 Ne7 17. Bh6+ Bg7 18. Bf4 Be5 19. Rac1 Bxf4 20. Rxc7 Rxc7 21. Qf3 g5 22. g3 Ng6 23. gxf4 Nxf4 24. Kh1 Kg7 25. Rg1 Ng6 26. Rxg5 Re8 27. h4 h6 28. Rg3 h5 29. Qxh5 Rh8 30. Qg5 Rc5 31. Qe7 1-0

[Event "*** Titled Tuesday 3|2 Blitz"]
[Site "Chess.com"]
[Date "2016.03.01"]
[Round "6"]
[White "maciek_92"]
[Black "viditchess"]
[Result "0-1"]
[WhiteElo "2415"]
[BlackElo "2484"]
[TimeControl "180+2"]
[EndTime "12:44:18 PST"]
[Termination "viditchess won by resignation"]

1. c4 e5 2. Nc3 Nf6 3. g3 d5 4. cxd5 Nxd5 5. Bg2 Nb6 6. e3 Be7 7. Nge2 Qd3 8. Be4 Qa6 9. O-O f5 10. Bg2 O-O 11. d4 e4 12. f3 exf3 13. Bxf3 Nc6 14. Qb3+ Kh8 15. Nf4 Na5 16. Qc2 Qc4 17. Nfd5 Nxd5 18.
Bxd5 Qa6 19. a3 Be6 20. b4 Nc4 21.
b5 Qd6 22. Bxb7 Rab8 23. Bg2 Bg5 24. Qe2 Bg8 25. Kh1 Rbe8 26. e4 Bxc1 27. Raxc1 Qxd4 28. Rfd1 Qe5 29. a4 Nd6 30. Rf1 Bc4 31. Qc2 Bxf1 32. Rxf1 fxe4 33. Rxf8+ Rxf8 34. Nxe4 Qa1+ 0-1

[Event "*** Titled Tuesday 3|2 Blitz"]
[Site "Chess.com"]
[Date "2016.03.01"]
[Round "6"]
[White "Tirantes"]
[Black "FrankieJay"]
[Result "1-0"]
[WhiteElo "2207"]
[BlackElo "2186"]
[TimeControl "180+2"]
[EndTime "12:44:27 PST"]
[Termination "Tirantes won by resignation"]

1. c4 Nf6 2. Nc3 g6 3. g3 Bg7 4. Bg2 O-O 5. e4 c5 6. Nge2 Nc6 7. O-O d6 8. d3 Ne8 9. Be3 Nc7 10.
d4 cxd4 11. Nxd4 Bd7 12. Rc1 Ne6 13. Nde2 Rc8 14. b3 Nc5 15. Qd2 Ne5 16. Bh6 Bh3 17.
Bxg7 Kxg7 18. f3 Qd7 19. Nd4 Bxg2 20. Kxg2 a6 21. f4 Ned3 22. Rcd1 e5 23. Nde2 exf4 24.
Nxf4 Nxf4+ 25. Qxf4 Rcd8 26. Qf6+ Kg8 27. Nd5 Rfe8 28.
Qh4 Nxe4 29. Rde1 g5 30. Qh5 Kh8 31. Rxf7 1-0

[Event "*** Titled Tuesday 3|2 Blitz"]
[Site "Chess.com"]
[Date "2016.03.01"]
[Round "6"]
[White "D-Prawira"]
[Black "bugsbunny444"]
[Result "0-1"]
[WhiteElo "2210"]
[BlackElo "2428"]
[TimeControl "180+2"]
[EndTime "12:44:36 PST"]
[Termination "bugsbunny444 won by checkmate"]

1. Nf3 d5 2. g3 Nc6 3. d4 Bf5 4. Bg2 Nb4 5. Na3 e6 6. Bd2 Nf6 7. c3 Nc6 8. Nc2 Be7 9. O-O Be4 10. Nce1 O-O 11. Nd3 Nd7 12. Bh3 Bd6 13. Nfe1 e5 14.
f3 Bxd3 15. Nxd3 exd4 16. Nf4 dxc3 17. bxc3 Nb6 18. Bc1 Re8 19. a4 a5 20. Bf5 Qf6 21. Bd3 Qxc3 22. Bd2 Qd4+ 23. Kg2 Nb4 24. Bxb4 Qxb4 25.
Bc2 Bxf4 26. gxf4 Qxf4 27. Qd3 g6 28. Kh1 Re3 29. Qd1 Rae8 30. Bd3 R3e5 31. Rf2 Rh5 32. Rg2 Ree5 33. Rc1 Reg5 34. Rxg5 Qxh2# 0-1

[Event "*** Titled Tuesday 3|2 Blitz"]
[Site "Chess.com"]
[Date "2016.03.01"]
[Round "6"]
[White "Abdodi"]
[Black "Iwannabetheguy"]
[Result "1-0"]
[WhiteElo "1996"]
[BlackElo "2014"]
[TimeControl "180+2"]
[EndTime "12:44:39 PST"]
[Termination "Abdodi won by checkmate"]

1. e4 e5 2. Nf3 Nc6 3. d4 exd4 4. Nxd4 Nf6 5. Nc3 Bb4 6. Nxc6 bxc6 7. Bd3 d5 8. exd5 cxd5 9. O-O O-O 10. Bd2 c6 11. a3 Bd6 12. h3 Re8 13. Qf3 Rb8 14.
b4 c5 15. bxc5 Bxc5 16. Bg5 Bd4 17. Bb5 Bxc3 18. Bxe8 Bxa1 19. Bxf7+ Kxf7 20. Rxa1 Be6 21. Rd1 Qa5 22. Bxf6 gxf6 23. Qh5+ Kg7 24. Rd3 Qe1+ 25. Kh2 Qe5+ 26. Rg3+ Kh8 27. Qf3 Rg8 28. Qb3 d4 29.
Qb4 Rxg3 30. fxg3 Bg8 31. Qf8 Qe6 32. Qb8 Qd7 33. Qf8 Qf7 34. Qd8 Qd5 35. Qxf6# 1-0

[Event "*** Titled Tuesday 3|2 Blitz"]
[Site "Chess.com"]
[Date "2016.03.01"]
[Round "6"]
[White "chessdude"]
[Black "PowerThinking2650"]
[Result "1-0"]
[WhiteElo "2370"]
[BlackElo "2151"]
[TimeControl "180+2"]
[EndTime "12:45:06 PST"]
[Termination "chessdude won by resignation"]

1. e4 e5 2. Nf3 Nc6 3. Bb5 a6 4. Bxc6 dxc6 5. O-O f6 6. d4 exd4 7. Nxd4 c5 8. Nb3 Qxd1 9. Rxd1 Bd7 10. Nc3 O-O-O 11.
Be3 b6 12. a4 a5 13. Nd2 Bc6 14. Nc4 Rxd1+ 15. Rxd1 Ne7 16. b3 g6 17. Nd5 Bxd5 18.
exd5 Nf5 19. Bc1 Nd6 20. Bb2 Bg7 21. Nxd6+ cxd6 22. Re1 Kd7 23. Kf1 Re8 24. Rxe8 Kxe8 25. Ke2 Ke7 26. Kd3 Bh6 27. Kc4 Kd7 28. Kb5 Kc7 29.
Bxf6 Bf4 30. g3 Bd2 31. f4 h5 32. h3 Be1 33. g4 hxg4 34. hxg4 Bd2 35. f5 gxf5 36. gxf5 Bf4 37. Bg7 1-0

[Event "*** Titled Tuesday 3|2 Blitz"]
[Site "Chess.com"]
[Date "2016.03.01"]
[Round "6"]
[White "FairChess_on_YouTube"]
[Black "Yaacovn"]
[Result "1-0"]
[WhiteElo "2751"]
[BlackElo "2633"]
[TimeControl "180+2"]
[EndTime "12:45:16 PST"]
[Termination "FairChess_on_YouTube won by resignation"]

1. d4 Nf6 2. c4 e5 3. dxe5 Ne4 4. Nf3 Nc6 5. Nbd2 Bb4 6. g3 O-O 7. Bg2 Qe7 8. O-O Nxd2 9. Nxd2 Nxe5 10. b3 Bc3 11.
Rb1 d6 12. Ne4 Ba5 13. Bg5 Qe6 14. Bd2 Bb6 15. Nc3 c6 16. Bf4 Qg6 17. Qd2 Bf5 18.
Rbd1 Rad8 19. Be3 Qf6 20. Bd4 Bxd4 21. Qxd4 a6 22. f4 Ng4 23. e4 Bc8 24. Qxf6 Nxf6 25. Rd4 b5 26. Rfd1 Bg4 27. R1d2 bxc4 28. bxc4 Be6 29.
e5 c5 30. Rxd6 Rxd6 31. Rxd6 Ng4 32. Bd5 Ne3 33. Bxe6 fxe6 34. Rxe6 Rb8 35. Rxa6 Rb2 36. Nd5 Nxc4 37. e6 g6 38. e7 Re2 39. Nf6+ 1-0

[Event "*** Titled Tuesday 3|2 Blitz"]
[Site "Chess.com"]
[Date "2016.03.01"]
[Round "6"]
[White "davidarenas1224"]
[Black "KamilPlichta"]
[Result "1-0"]
[WhiteElo "2125"]
[BlackElo "2396"]
[TimeControl "180+2"]
[EndTime "12:45:16 PST"]
[Termination "davidarenas1224 won by resignation"]

1. e4 g6 2. d4 Bg7 3. Nc3 c5 4. Nf3 Qa5 5. d5 Bxc3+ 6. bxc3 Nf6 7. Qd3 Nxe4 8. Bb2 Nf6 9. Be2 d6 10. O-O O-O 11. c4 Bf5 12. Qb3 Qb6 13. Qc3 Nbd7 14. a3 Qd8 15. Bd3 Bxd3 16. cxd3 Nb6 17. a4 Qd7 18.
Qb3 Rab8 19. Rfe1 Rfe8 20. h3 Na8 21. Re3 Nc7 22. Rae1 Nh5 23. Qc3 f6 24. Re4 a6 25.
Ng5 Ng7 26. Rh4 h5 27. g4 b5 28. gxh5 b4 29. Qd2 fxg5 30. Qxg5 Qf5 31. Qh6 e5 32. dxe6 Ncxe6 33. Rxe6 Nxe6 34. Qh8+ Kf7 35. Qh7+ Kf8 36. hxg6 Rb7 37. Qxb7 Qg5+ 38. Rg4 Qf5 39. Qh7 Nf4 40. g7+ Ke7 41. Qxf5 1-0

[Event "*** Titled Tuesday 3|2 Blitz"]
[Site "Chess.com"]
[Date "2016.03.01"]
[Round "6"]
[White "evgenyermolaev"]
[Black "SabinoBrunello"]
[Result "0-1"]
[WhiteElo "2052"]
[BlackElo "2468"]
[TimeControl "180+2"]
[EndTime "12:45:42 PST"]
[Termination "SabinoBrunello won on time"]

1. e4 c6 2. Nf3 d5 3. Nc3 Bg4 4. h3 Bxf3 5. Qxf3 e6 6. Be2 Nd7 7. d4 dxe4 8. Nxe4 Ngf6 9. O-O Nxe4 10. Qxe4 Nf6 11. Qd3 Qc7 12. Bf3 Rd8 13. Re1 Be7 14. g3 O-O 15. Bf4 Qb6 16. c3 c5 17. Be5 cxd4 18.
Bxd4 Bc5 19. Bxc5 Qxc5 20. Qe3 Qxe3 21. Rxe3 b6 22. Re2 Rd3 23. Kg2 Nd7 24. Be4 Rd6 25. Bc2 Rd8 26. Rd1 Rxd1 27. Bxd1 Nc5 28. Bc2 Kf8 29.
b4 Nb7 30. c4 h6 31. Be4 Nd6 32.
Bd3 Rc8 33. Rc2 Ke7 34. c5 bxc5 35. bxc5 Nb7 36. c6 Nd6 37. Kf3 Rc7 38. Ke3 Nc8 39. Be4 Nb6 40. Kd4 Kd6 41. Bg2 Nc8 42. Kc4 Nb6+ 43.
Kb5 Nd5 44. Rc4 Rc8 45. Ka6 Kc7 46. Bxd5 exd5 47. Rf4 Rd8 48. Kb5 f6 49. Kc5 Rd6 50. Ra4 Rxc6+ 51. Kxd5 Rd6+ 52. Kc5 a6 53. Rd4 Rc6+ 0-1

[Event "*** Titled Tuesday 3|2 Blitz"]
[Site "Chess.com"]
[Date "2016.03.01"]
[Round "6"]
[White "Saitama_Hero"]
[Black "HovmoellerHest"]
[Result "1-0"]
[WhiteElo "2102"]
[BlackElo "2346"]
[TimeControl "180+2"]
[EndTime "12:45:44 PST"]
[Termination "Saitama_Hero won on time"]

1. d4 Nf6 2. c4 e6 3. Nc3 Bb4 4. f3 c5 5. d5 Bxc3+ 6. bxc3 d6 7. e4 e5 8. Bd3 O-O 9. Ne2 Nbd7 10. O-O Re8 11. Ng3 Nf8 12. Nf5 Ng6 13. g3 Rb8 14. a4 b6 15. Kg2 Nf8 16. Qc2 h6 17.
h4 Kh7 18. Be3 h5 19. Bg5 g6 20. Ne3 Kg7 21. f4 N8h7 22. f5 Nxg5 23. hxg5 Nh7 24. f6+ Kg8 25. Qd2 Nxg5 26. Ng4 Re6 27. Nh6+ Kh7 28. Qxg5 Qf8 29. Ng4 Re8 30. Ne3 Qh6 31.
Qxh6+ Kxh6 32. a5 Kg5 33. axb6 1-0

[Event "*** Titled Tuesday 3|2 Blitz"]
[Site "Chess.com"]
[Date "2016.03.01"]
[Round "6"]
[White "GeorgMeier"]
[Black "dretch"]
[Result "0-1"]
[WhiteElo "2740"]
[BlackElo "2539"]
[TimeControl "180+2"]
[EndTime "12:45:47 PST"]
[Termination "dretch won on time"]

1. Nf3 d5 2. g3 Bg4 3. Bg2 Nd7 4.
c4 e6 5. cxd5 exd5 6. h3 Bh5 7.
O-O Bd6 8. Nc3 Ne7 9. d3 O-O 10. e4 Nb6 11. g4 Bg6 12. e5 Bb4 13. Ne2 Nc6 14. Nf4 a5 15. a3 Be7 16. Re1 a4 17. Bd2 Na5 18. Nd4 Bc5 19. Bxa5 Rxa5 20. Nf3 Re8 21. h4 h6 22. e6 Bd6 23. Qd2 Ra8 24. Ne5 Bxe5 25. Rxe5 Qxh4 26. g5 hxg5 27.
Nxg6 fxg6 28. Rae1 g4 29. e7 c6 30. Qb4 Ra6 0-1

[Event "*** Titled Tuesday 3|2 Blitz"]
[Site "Chess.com"]
[Date "2016.03.01"]
[Round "6"]
[White "Winehouse83"]
[Black "jk13"]
[Result "0-1"]
[WhiteElo "2359"]
[BlackElo "2403"]
[TimeControl "180+2"]
[EndTime "12:45:49 PST"]
[Termination "jk13 won on time"]

1. d4 Nf6 2. c4 e6 3. Nf3 Bb4+ 4. Nbd2 O-O 5. a3 Be7 6. g3 d5 7. Bg2 b6 8. O-O Bb7 9. Ne5 Nbd7 10. Nxd7 Qxd7 11. b3 c5 12. dxc5 bxc5 13. cxd5 exd5 14. Bb2 Rac8 15. Rc1 Rfd8 16. Qc2 Qe6 17. Nf3 h6 18. e3 Rb8 19. Rfd1 Ba8 20. Ra1 d4 21. exd4 Qxb3 22. Qe2 Qxb2 23. Qxe7 Ne4 24. Rf1 cxd4 25. Ne5 Qb7 26. Qh4 Qb5 27. Qe7 Qe8 28. Qxe8+ Rxe8 29. Nd3 Nc3 30. Rfe1 Kf8 31. Nc5 Rbd8 32. Nd3 f5 33. Bxa8 Rxa8 34. Kg2 Kf7 35. h4 g6 36. Ne5+ Kf6 37.
Nd7+ Kg7 38. Nc5 Rac8 39. Ne6+ Rxe6 0-1

[Event "*** Titled Tuesday 3|2 Blitz"]
[Site "Chess.com"]
[Date "2016.03.01"]
[Round "6"]
[White "MinhGTrAn"]
[Black "GrigorGrigorov"]
[Result "1-0"]
[WhiteElo "2656"]
[BlackElo "2512"]
[TimeControl "180+2"]
[EndTime "12:45:52 PST"]
[Termination "MinhGTrAn won on time"]

1. d4 Nf6 2. c4 e6 3. Nc3 Bb4 4.
e3 O-O 5. Ne2 d5 6. a3 Be7 7. Ng3 c5 8. dxc5 Bxc5 9. b4 Be7 10.
Bb2 Nc6 11. Be2 b6 12. O-O dxc4 13. Bxc4 Ne5 14. Be2 Bb7 15. Qb3 Qb8 16. h3 Ng6 17. Rfd1 Rd8 18. Rxd8+ Qxd8 19. Rd1 Qc7 20. Nb5 Qb8 21.
Nd4 Bd5 22. Bc4 Qb7 23. Ndf5 Bxc4 24. Nxe7+ Nxe7 25. Qxc4 Rc8 26. Qd3 Ng6 27. Bxf6 gxf6 28. Nh5 Qe7 29. Qd7 Qxd7 30. Rxd7 f5 31. Rxa7 Kf8 32.
Nf6 Kg7 33. Nd7 Rc1+ 34. Kh2 Rc2 35. Kg3 h5 36. h4 Rc3 37. Kh2 Rc2 38. Nxb6 Rxf2 39. Kg3 Re2 40. Nc4 Rc2 41. Nd6 Kf6 42.
Nxf7 Rc3 43. Ng5 1-0

[Event "*** Titled Tuesday 3|2 Blitz"]
[Site "Chess.com"]
[Date "2016.03.01"]
[Round "6"]
[White "AndrewMcStone"]
[Black "Silent_Terror"]
[Result "1-0"]
[WhiteElo "1988"]
[BlackElo "2490"]
[TimeControl "180+2"]
[EndTime "12:46:00 PST"]
[Termination "AndrewMcStone won by resignation"]

1. d4 e6 2. c4 Nf6 3. Nc3 Bb4 4. f3 d5 5. a3 Bxc3+ 6. bxc3 c5 7. cxd5 Nxd5 8. dxc5 Qa5 9. e4 Nf6 10. Be3 Qxc3+ 11.
Kf2 O-O 12. Ne2 Qa5 13. Qb3 e5 14. Nc3 Nbd7 15. Qb4 Qd8 16. Bc4 Nb8 17. Rad1 Qe8 18. Nd5 Nxd5 19. exd5 f5 20. d6+ Kh8 21. Bd5 Nc6 22.
Qh4 Bd7 23. Rhe1 Qg6 24. Bc1 Rae8 25. Bb2 e4 26. f4 h5 27. Re3 Qg4 28. Rh3 e3+ 29. Ke1 Be6 30. Qxh5+ Qxh5 31. Rxh5+ Kg8 32. Bxe6+ Rxe6 33. Rg5 g6 34. h4 Kf7 35. h5 Rh8 36. hxg6+ Rxg6 37. Bxh8 1-0

[Event "*** Titled Tuesday 3|2 Blitz"]
[Site "Chess.com"]
[Date "2016.03.01"]
[Round "6"]
[White "spectralsoul"]
[Black "Aygehovit1992"]
[Result "1-0"]
[WhiteElo "2577"]
[BlackElo "2412"]
[TimeControl "180+2"]
[EndTime "12:46:59 PST"]
[Termination "spectralsoul won by resignation"]

1. e4 d6 2. d4 g6 3. c3 Bg7 4.
Nf3 Nf6 5. Bd3 O-O 6. h3 e5 7.
O-O Nc6 8. Re1 exd4 9. cxd4 d5 10. e5 Ne4 11. Nc3 f5 12. Qb3 Nxc3 13. bxc3 Na5 14. Qb4 Nc6 15. Qc5 Ne7 16. Bg5 Re8 17. c4 Be6 18. Rac1 c6 19. Qb4 Qd7 20. c5 h6 21.
Bf6 g5 22. Rb1 Rab8 23. Qa3 a6 24. Rb6 Ng6 25. Bxg7 Qxg7 26. Reb1 Nf4 27. Nh2 g4 28. h4 g3 29. Bf1 gxh2+ 30. Kxh2 Re7 31. Rxc6 bxc6 32.
Rxb8+ Kh7 33. g3 Ng6 34. f4 Ra7 35. Rb6 Qc7 36. Bd3 Nf8 37. Qb2 Nd7 38. Rb3 Qd8 39.
Qb1 Qf8 40. g4 Kh8 41. gxf5 Bg8 42. Rb7 Rxb7 43. Qxb7 Qd8 44. Kg3 Nf8 45. Qxc6 Qe7 46. Qxh6+ Bh7 47. f6 Qf7 48. f5 Qg8+ 49. Kf4 Qg1 50.
Qxf8+ Bg8 51. Qh6+ Bh7 52. Qg7+ 1-0

[Event "*** Titled Tuesday 3|2 Blitz"]
[Site "Chess.com"]
[Date "2016.03.01"]
[Round "6"]
[White "GianmarcoVaR"]
[Black "kikydu96"]
[Result "1-0"]
[WhiteElo "2336"]
[BlackElo "2281"]
[TimeControl "180+2"]
[EndTime "12:47:07 PST"]
[Termination "GianmarcoVaR won by checkmate"]

1. d4 d5 2. Nf3 Nf6 3. c4 c6 4.
e3 Bf5 5. Nc3 a6 6. Qb3 Ra7 7.
a4 e6 8. a5 Nbd7 9. Nh4 Be4 10. f3 dxc4 11. Bxc4 Bd5 12. Bxd5 cxd5 13. g3 Bd6 14.
O-O O-O 15. e4 dxe4 16. fxe4 e5 17. d5 Bc5+ 18. Kg2 Ng4 19. Nf5 g6 20. Nh6+ Nxh6 21. Bxh6 Re8 22. d6 Re6 23. Rxf7 Kxf7 24. Rf1+ Nf6 25.
Bg5 Bxd6 26. Rxf6+ Qxf6 27. Bxf6 Kxf6 28. Nd5+ Kf7 29. Qb6 Bb8 30. Qd8 Bd6 31. Qh8 Bf8 32. Qxh7+ Bg7 33. Qh4 Ra8 34. Qg4 Rc8 35. b4 Rc2+ 36. Kh3 Rf2 37. Qg5 Bf6 38. Qe3 Rc2 39. Qa7 Re8 40. Qxb7+ Be7 41. Qd7 Rf2 42. Nc7 Rh8+ 43.
Kg4 Rf6 44. Qd5+ Kg7 45. h4 Rd8 46. Ne6+ Rxe6 47. Qxe6 Bf6 48. Qxa6 Rd4 49. Qb7+ Kh6 50. a6 Be7 51. a7 Rxb4 52. Qxb4 Bxb4 53. a8=Q Be7 54.
Qh8# 1-0

[Event "*** Titled Tuesday 3|2 Blitz"]
[Site "Chess.com"]
[Date "2016.03.01"]
[Round "6"]
[White "Rickstereo"]
[Black "punkmonkZ"]
[Result "0-1"]
[WhiteElo "2180"]
[BlackElo "1973"]
[TimeControl "180+2"]
[EndTime "12:47:10 PST"]
[Termination "punkmonkZ won by resignation"]

1. c4 e5 2. Nc3 Nf6 3. Nf3 Nc6 4. d4 exd4 5. Nxd4 Bb4 6. Bg5 d5 7. cxd5 Qxd5 8. Bxf6 gxf6 9. Nxc6 Qxc6 10. Rc1 Bd7 11. Qb3 Ba5 12. e3 O-O-O 13. Qc4 Rhg8 14. Qxc6 Bxc6 15. f3 Rde8 16. Kf2 Bb6 17. Nd1 f5 18. g3 Rd8 19. Bh3 Rd2+ 20. Ke1 Rxd1+ 21. Rxd1 Bxf3 22. Bxf5+ Kb8 23. Kf2 Bxh1 24. Rxh1 Rd8 25. Re1 h6 26. Re2 Rd5 27. Be4 Re5 28. Kf3 a5 29.
Kf4 f6 30. g4 c6 31. Bf5 Bc7 32. Kf3 b5 33. Rd2 c5 34. Rd7 c4 35. Rh7 b4 36.
Rxh6 c3 37. bxc3 bxc3 38. Rxf6 Kb7 39. Ke2 Bb6 40. Rf7+ Kb8 41. Kd3 Rxe3+ 42. Kc2 Bd4 43. Rf8+ Kc7 44. Rc8+ Kd6 45. h4 Rf3 46. h5 Bf6 47.
Kb3 Rf2 48. a4 Rb2+ 49. Ka3 Rb7 50. Ka2 Rb2+ 51. Ka1 c2 52. Rf8 Rb1+ 0-1

[Event "*** Titled Tuesday 3|2 Blitz"]
[Site "Chess.com"]
[Date "2016.03.01"]
[Round "6"]
[White "MITerryble"]
[Black "AndreyOstrovskiy"]
[Result "1-0"]
[WhiteElo "2644"]
[BlackElo "2480"]
[TimeControl "180+2"]
[EndTime "12:47:12 PST"]
[Termination "MITerryble won by resignation"]

1. d4 Nf6 2. Nf3 e6 3. c4 b6 4. g3 Ba6 5. Qa4 c5 6. Bg2 Bb7 7. dxc5 Bxc5 8. O-O Be7 9. Nc3 Na6 10. Rd1 Nc5 11. Qc2 Qc8 12. Bf4 O-O 13. Nb5 Nce4 14.
Rac1 a6 15. Nd6 Nxd6 16. Bxd6 Bxd6 17. Rxd6 Qc5 18. Rdd1 Be4 19. Qd2 Rac8 20. b3 h6 21. Qd6 Rc6 22. Qxc5 Rxc5 23. Rd6 Rb8 24. Ne1 Bxg2 25.
Kxg2 Kf8 26. Nd3 Rc7 27. Nb4 Ra7 28. Rcd1 a5 29. Nc2 Ke7 30. Na3 Ne8 31. R6d3 d6 32.
Nb5 Rd7 33. e4 e5 34. f4 Rbd8 35. Kf3 f6 36. f5 Nc7 37. Nc3 Rb8 38. Kg4 Na6 39.
Nd5+ Kf7 40. Nc3 Ke7 41. Nb5 Rbd8 42. Kf3 Nc5 43. R3d2 Na6 44. Nc3 Nc7 45. h4 h5 46.
Rg1 Rh8 47. Na4 b5 48. Nb6 Rdd8 49. Rgd1 Rhg8 50. c5 Ne8 51. cxd6+ Rxd6 52. Nc8+ 1-0